 Dungeon Crawl Stone Soup version 0.15-a0-809-g8e1b895 (webtiles) character file.

46 4tharraofdagon the Insei (level 3, 0/21 HPs)
             Began as a Kobold Transmuter on May 14, 2014.
             Was an Initiate of Cheibriados.
             Slain by a quasit (2 damage)
             ... on Level 5 of the Dungeon.
             The game lasted 00:05:56 (856 turns).

4tharraofdagon the Insei (Kobold Transmuter)         Turns: 856, Time: 00:05:56

HP   0/21        AC  0     Str  5      XL: 3   Next: 92%
MP   4/6         EV 21     Int 12      God: Cheibriados [......]
Gold 94          SH  0     Dex 20 (22) Spells:  3 memorised,  1 level left

rFire  . . .     SeeInvis .       - Unarmed
rCold  . . .     Clarity  .     j - melded +2 troll leather armour
rNeg   . . .     Conserve .     (shield currently unavailable)
rPois  .         rCorr    .     (helmet currently unavailable)
rElec  .         rRot     .     g - melded +0 cloak
SustAb . .       Spirit   .     (gloves currently unavailable)
rMut   .         Warding  .     (boots currently unavailable)
Gourm  .         Stasis   .     (no amulet)
MR     .....                    (ring currently unavailable)
                                (ring currently unavailable)

@: bat-form, flying, lethally poisoned, very slightly contaminated, quick, not
resistant to hostile enchantments, unstealthy
A: disease resistance, carnivore 3
a: Bend Time, Renounce Religion


You were on level 5 of the Dungeon.
You worshipped Cheibriados.
Cheibriados was noncommittal.
You were very full.
You were in bat-form.
You visited 1 branch of the dungeon, and saw 5 of its levels.

You collected 94 gold pieces.

Inventory:

Missiles
 b - 12 arrows
 k - 4 javelins
Armour
 c - a +0 robe
 g - a +0 cloak (melded)
 j - a +2 troll leather armour (melded)
Magical devices
 i - a wand of random effects (6)
Comestibles
 a - 2 meat rations
Potions
 f - a potion of brilliance
 h - a potion of restore abilities
Books
 d - a book of Changes

   Spells                             Type                      Level
   *Beastly Appendage                 Transmutation                1
   Sticks to Snakes                   Transmutation                2
   *Spider Form                       Transmutation/Poison         3
   Ice Form                           Ice/Transmutation            4
   Blade Hands                        Transmutation                5
 l - Vehumet's Almanac of Arcane Weapons
   (You found it on level 3 of the Dungeon)

   Spells                             Type                      Level
   Magic Dart                         Conjuration                  1
 m - Sif Muna's Incunabulum of Confrontation
   (You found it on level 3 of the Dungeon)

   Spells                             Type                      Level
   Shock                              Conjuration/Air              1
 n - Kikubaaqudgha's Reference Book on Dark Magic
   (You found it on level 3 of the Dungeon)

   Spells                             Type                      Level
   *Animate Skeleton                  Necromancy                   1


   Skills:
 + Level 1.7 Fighting
 + Level 2.8 Dodging
 + Level 1.9 Stealth
 * Level 3.5 Unarmed Combat
 + Level 2.1 Spellcasting
 + Level 2.0 Transmutations


You had one spell level left.
You knew the following spells:

 Your Spells              Type           Power        Failure   Level  Hunger
a - Beastly Appendage     Trmt           #.....       28%         1    ##.....
b - Animate Skeleton      Necr           N/A          50%         1    ##.....
c - Spider Form           Trmt/Pois      #.........   77%         3    ####...


Dungeon Overview and Level Annotations

Branches:
Dungeon (5/15)
 Temple: D:4-7

Altars:
Cheibriados
Dithmenos
Kikubaaqudgha
Sif Muna
Vehumet


Innate Abilities, Weirdness & Mutations

You recuperate from illness quickly.
You are small and have problems with some larger weapons.
You are carnivorous and can eat meat at any time.


Message History

* * * LOW HITPOINT WARNING * * *
You feel very sick. The bat hits you but does no damage. x2
The quasit bites you.
* * * LOW HITPOINT WARNING * * *
The quasit closely misses you. The quasit misses you.
The quasit completely misses you. The quasit misses you.
The quasit claws you but does no damage.
Unknown command.
Unknown command.
Evoke which item? (* to show all) (? for menu, Esc to quit)
Zapping:
i - a wand of random effects {zapped: 7}
Press: ? - help, Shift-Dir - straight line, f - you Really target yourself?
You turn into a bat.
Your +0 cloak melds into your body.
Your +2 troll leather armour melds into your body.
* * * LOW HITPOINT WARNING * * *
You feel sick. The bat misses you. The quasit barely misses you.
The quasit barely misses you. The quasit claws you.
You die...

###### .....# .
#....### ... #.....#
.... #....############
.!...#.................
.._........os#.b.#
#...oo#(5.#..#.
#..o.obg........
#....o.K....... ##.
#.....######.##
......###(##.....# .#
........<......... .
#.##..........##..
#.........## ..


You could see an orc wizard, a quasit, an orc, a hobgoblin, a bat and a kobold.

Vanquished Creatures
  A hound (D:4)
  An orc (D:4)
  2 goblins
  2 hobgoblins
  5 kobolds
  A quokka (D:2)
  A bat (D:3)
  2 giant newts (D:3)
  A goblin skeleton (D:4)
  3 rats
19 creatures vanquished.

Vanquished Creatures (others)
  A hobgoblin skeleton (D:4)
1 creature vanquished.

Grand Total: 20 creatures vanquished

Notes
Turn   | Place    | Note
--------------------------------------------------------------
     0 | D:1      | 4tharraofdagon, the Kobold Transmuter, began the quest for the Orb.
     0 | D:1      | Reached XP level 1. HP: 12/12 MP: 3/3
   221 | D:2      | Reached XP level 2. HP: 10/16 MP: 2/4
   342 | D:3      | Found a radiant altar of Vehumet.
   346 | D:3      | Identified Vehumet's Almanac of Arcane Weapons
   350 | D:3      | Found a deep blue altar of Sif Muna.
   354 | D:3      | Identified Sif Muna's Incunabulum of Confrontation
   358 | D:3      | Found an ancient bone altar of Kikubaaqudgha.
   367 | D:3      | Identified Kikubaaqudgha's Reference Book on Dark Magic
   379 | D:3      | Learned a level 1 spell: Animate Skeleton
   587 | D:4      | Noticed an ogre
   670 | D:4      | Reached skill level 1 in Stealth
   705 | D:4      | Reached XP level 3. HP: 18/20 MP: 4/6
   726 | D:4      | Found a snail-covered altar of Cheibriados.
   741 | D:4      | Became a worshipper of Cheibriados the Contemplative
   768 | D:4      | Learned a level 3 spell: Spider Form
   837 | D:5      | Entered Level 5 of the Dungeon
   844 | D:5      | Found a shadowy altar of Dithmenos.
   856 | D:5      | Slain by a quasit

Action                   || total
-------------------------++-------
Melee: Unarmed           ||    76
 Cast: Beastly Appendage ||     5
       Animate Skeleton  ||     2
Evoke: Wand              ||     8
  Use: Scroll            ||     5
       Potion            ||     1

Vault maps used:
D:1:      minmay_arrival_four_circles
D:2:      first_bread
D:3:      grunt_temple_overflow_magic_moments
D:4:      lemuel_crystal_altar, minmay_misc_feat_alley, uniq_pikel
D:5:      lemuel_round_altar, serial_shops, kennysheep_mini_moat
